 Dungeon Crawl Stone Soup version 0.19.5 (console) character file.

59 CALLOUS the Skirmisher (level 3, 0/33 HPs)
             Began as a Centaur Monk on May 23, 2017.
             Succumbed to an adder's poison
             ... on level 3 of the Dungeon.
             The game lasted 00:21:35 (1472 turns).

CALLOUS the Skirmisher (Centaur Monk)               Turns: 1472, Time: 00:21:35

Health: 0/33       AC:  6    Str: 14    XL:     3   Next: 78%
Magic:  3/3        EV: 10    Int:  9    God:
Gold:   60         SH:  0    Dex: 11    Spells: 0 memorised, 2 levels left

rFire  + . .     SeeInvis +     a - +0 short sword
rCold  . . .     Gourm    .     k - +2 robe {rF+}
rNeg   . . .     Faith    .     (no shield)
rPois  .         Spirit   .     (no helmet)
rElec  .         Reflect  .     (no cloak)
rCorr  .         Harm     .     (no gloves)
MR     .....                    (no barding)
Stlth  +.........               (no amulet)
                                (no ring)
                                (no ring)

@: lethally poisoned (0 -> -7), very quick
A: hooves 3, see invisible, deformed body, speed 2, tough skin 3
a: no special abilities


You were on level 3 of the Dungeon.
You were not hungry.

You visited 1 branch of the dungeon, and saw 3 of its levels.

You collected 60 gold pieces.

Inventory:

Hand Weapons
 a - a +0 short sword (weapon)
Missiles
 h - 38 stones (quivered)
 i - 39 arrows
 j - 8 poisoned needles
 q - 15 bolts
Armour
 k - a +2 robe of fire resistance (worn)
Jewellery
 g - a +3 ring of intelligence {unknown}
 m - a cursed ring of teleportation {unknown}
Scrolls
 d - 2 scrolls of teleportation {unknown}
 n - 2 scrolls of identify {unknown}
Comestibles
 c - a bread ration
 f - 2 meat rations
 o - a beef jerky
 p - a chunk of flesh


   Skills:
 * Level 4.1 Fighting
 - Level 2.6 Short Blades
 + Level 2.6 Dodging
 - Level 1.1 Stealth
 * Level 1.0 Unarmed Combat


You had 2 spell levels left.
You didn't know any spells.

Dungeon Overview and Level Annotations

Branches:
Dungeon (3/15)

Altars:


Innate Abilities, Weirdness & Mutations

You have hooves in place of feet.
Armour fits poorly on your strangely shaped body.
You cover ground very quickly.
You have extremely tough skin. (AC +3)
You have supernaturally acute eyesight. (SInv)


Message History

You barely miss the goblin.
* * * LOW HITPOINT WARNING * * *
You feel sick. The goblin hits you but does no damage.
You barely miss the goblin. You kick the goblin, but do no damage.
* * * LOW HITPOINT WARNING * * *
You feel sick. The goblin hits you but does no damage.
You hit the goblin. You kick the goblin.
You kill the goblin!
* * * LOW HITPOINT WARNING * * *
You feel sick.
* * * LOW HITPOINT WARNING * * *
You feel sick.
Things that are here:
a dagger; a goblin corpse; an adder corpse
There is a lethal amount of poison in your body!
* * * LOW HITPOINT WARNING * * *
You feel sick.
* * * LOW HITPOINT WARNING * * *
You feel sick.
You die...

### ########.# .........#
########.# ########.#
####.)..<...# #....##.....#
#....##.....######
######....##...........
..###.........##...........
..........@....#...........
...............#...........
............(..............
...........................
...........................
............#..............
.......<...##.........#....
......................#....
..#..................# ..
....................#
............#.......#


There were no monsters in sight!

Vanquished Creatures
  An adder (D:3)
  An ooze (D:1)
  A dart slug (D:1)
  2 leopard geckos (D:1)
  An orc (D:3)
  A ball python (D:2)
  6 bats
  2 giant cockroaches
  3 hobgoblins
  A quokka (D:3)
  3 frilled lizards
  6 goblins
  4 kobolds
  12 rats
44 creatures vanquished.

Vanquished Creatures (others)
  A leopard gecko (D:2)
1 creature vanquished.

Grand Total: 45 creatures vanquished

Notes
Turn   | Place    | Note
-------+----------+-------------------------------------------
     0 | D:1      | CALLOUS the Centaur Monk began the quest for the Orb.
     0 | D:1      | Reached XP level 1. HP: 19/19 MP: 1/1
   441 | D:1      | Reached XP level 2. HP: 24/26 MP: 2/2
   948 | D:1      | Reached XP level 3. HP: 33/33 MP: 3/3
  1345 | D:3      | Gained mutation: You have supernaturally acute eyesight. (SInv) [potion of beneficial mutation]
  1396 | D:3      | Reached skill level 4 in Fighting
  1463 | D:3      | Reached skill level 1 in Unarmed Combat
  1470 | D:3      | HP: 1/33 [poisoned by an adder]
  1472 | D:3      | Succumbed to an adder's poison

Skill      XL: |  1  2  3 |
---------------+----------+-----
Fighting       | 4 |  4.1
Unarmed Combat | 1 |  1.0
Short Blades   | |  2.6
Dodging        | |  2.6
Stealth        | |  1.1

Action                   || total
-------------------------++-------
Melee: Short sword       ||   148
       Kick              ||    20
Throw: Stone             ||     7
  Use: Potion            ||     3
 Stab: Sleeping          ||     4
  Eat: Chunk             ||     1
Armor: Robe              ||    39
Dodge: Dodged            ||    57
